 Dungeon Crawl Stone Soup version 0.29-a0-542-g075992c915 (webtiles) character file.

Game seed: 12857057242636396924

51 HoaS the Ruffian (level 3, -1/33 HPs)
             Began as a Troll Gladiator on June 3, 2022.
             Succumbed to Ijyb's poison
             ... on level 3 of the Dungeon.
             The game lasted 00:02:28 (1175 turns).

HoaS the Ruffian (Troll Gladiator)                  Turns: 1175, Time: 00:02:29

Health: -1/33      AC:  0    Str: 22    XL:     3   Next: 57%
Magic:  2/2        EV: 20    Int:  4    God:
Gold:   89         SH:  0    Dex: 18    Spells: 2/2 levels left

rFire   . . .      SeeInvis .     - Unarmed
rCold   . . .      Faith    .   (shield currently unavailable)
rNeg    . . .      Spirit   .   (body armour currently unavailable)
rPois   .          Reflect  .   (helmet currently unavailable)
rElec   .          Harm     .   (cloak currently unavailable)
rCorr   .          Rampage  .   (gloves unavailable)
Will    .....                   (boots unavailable)
Stlth   ++........              (no amulet)
HPRegen 0.91/turn               (ring currently unavailable)
MPRegen 0.08/turn               (ring currently unavailable)

@: lethally poisoned (-1 -> -13), bat-form, flying, very quick
A: fast, flying, no casting, tiny, unfitting armour, (claws 3), regeneration 1,
(shaggy fur 1), (tough skin 1)
a: no special abilities


You were on level 3 of the Dungeon.
You were a bat.
You visited 1 branch of the dungeon, and saw 3 of its levels.

You collected 89 gold pieces.

Inventory:

Missiles
 c - 3 throwing nets (quivered)
 d - a large rock
Armour
 a - a +0 robe (melded)
 b - a +1 hat (melded)
 e - a +0 cloak (melded)
Potions
 f - 2 potions of lignification
 g - a potion of degeneration {unknown}
 h - a potion of haste


   Skills:
 - Level 1.5 Fighting
 - Level 1.7 Throwing
 - Level 2.4 Dodging
 + Level 4.6 Unarmed Combat


You had 2 spell levels left.
You didn't know any spells.
Your spell library contained the following spells:

 Spells                   Type           Power      Damage    Failure   Level
 Sandblast                Erth           0%         2d4       50%         1
 Passwall                 Tmut/Erth      0%         N/A       65%         2
 Stone Arrow              Conj/Erth      0%         3d7       86%         3


Dungeon Overview and Level Annotations

Branches:
Dungeon (3/15)

Altars:
Gozag

Shops:
D:1 *

Annotations:
D:3 Ijyb


Innate Abilities, Weirdness & Mutations

You are a bat.
You are tiny and dextrous.
You move quickly.
You are flying.
Your equipment is almost entirely melded.
You are incapable of wielding weapons or throwing items.
You cannot cast spells.
You are too large for most types of armour.
((You have claws for hands.))
Your natural rate of healing is unusually fast.
((You are covered in fur. (AC +1)))
((You have tough skin. (AC +1)))


Message History

Ijyb is nearby!
Ijyb is nearby!
Ijyb zaps a wand.
You resist with significant effort.
You scratch Ijyb but do no damage. You scratch Ijyb but do no damage.
Ijyb closely misses you.
You scratch Ijyb.
Ijyb is lightly wounded.
Ijyb hits you with a +2 dagger of venom.
You are poisoned.
You scratch Ijyb but do no damage.
Ijyb is lightly wounded.
You feel sick.
Ijyb zaps a wand.
You turn into a bat.
Your +0 cloak melds into your body.
Your +1 hat melds into your body.
Your +0 robe melds into your body.
You barely miss Ijyb.
Ijyb is lightly wounded.
You feel sick. Ijyb barely misses you.
You hit Ijyb.
Ijyb is moderately wounded.
You feel sick.
Ijyb hits you with a +2 dagger of venom!
You are more poisoned.
You hit Ijyb but do no damage.
Ijyb is moderately wounded.
You feel very sick.
Ijyb hits you with a +2 dagger of venom.
You are more poisoned.
You barely miss Ijyb.
Ijyb is moderately wounded.
* * * LOW HITPOINT WARNING * * *
You feel extremely sick. Ijyb closely misses you.
You barely miss Ijyb.
Ijyb is moderately wounded.
* * * LOW HITPOINT WARNING * * *
You feel very sick. Ijyb barely misses you.
You hit Ijyb but do no damage.
Ijyb is moderately wounded.
You die...

### #.#
#.#######
#.g...... #b#
####.# ..#.#(#
###.#.#.#
##...#.#.#
#......#.#
#......#.#
#......#.#
#......#.#######


You could see Ijyb.

Vanquished Creatures
  2 adders (D:2)
  A dart slug (D:2)
  An orc (D:2)
  2 ball pythons
  A bat (D:2)
  2 endoplasms
  6 goblins
  3 hobgoblins
  2 kobolds (D:2)
  A quokka (D:1)
  2 frilled lizards (D:2)
  4 rats
27 creatures vanquished.

Notes
Turn   | Place    | Note
-------+----------+-------------------------------------------
     0 | D:1      | HoaS the Troll Gladiator began the quest for the Orb.
     0 | D:1      | Reached XP level 1. HP: 19/19 MP: 0/0
     8 | D:1      | Found Allonul's General Store.
   421 | D:2      | Reached XP level 2. HP: 21/27 MP: 1/1
   478 | D:2      | Reached skill level 4 in Unarmed Combat
   521 | D:2      | Found a faded altar of an unknown god.
   587 | D:2      | Reached XP level 3. HP: 33/33 MP: 2/2
   759 | D:2      | Found an opulent altar of Gozag.
  1159 | D:3      | Noticed Ijyb
  1175 | D:3      | Succumbed to Ijyb's poison

Illustrated notes

Levels and vault maps discovered:
D:1:      sevenhm_arrival_forest_fort_small_6, layout_rooms, serial_shops,
          nicolae_shop_stone
D:2:      layout_loops_ring, basic_altar, chequers_ecumenical_altar_simple,
          lemuel_flame_loot_1
D:3:      layout_basic, uniq_sigmund, uniq_ijyb

Skill      XL: |  1  2 |
---------------+-------+-----
Unarmed Combat | 4 |  4.6
Fighting       | |  1.5
Throwing       | |  1.7
Dodging        | |  2.4

Action                   || total
-------------------------++-------
Melee: Unarmed           ||    65
       Punch             ||     2
  Use: Scroll            ||     8
Armor: Robe              ||    12
Dodge: Dodged            ||    25

Table legend: (Time is in decaauts)
 A = Elapsed time spent in this place.
 B = Non-inter-level travel time spent in this place.
 C = Inter-level travel time spent in this place.
 D = Time resting spent in this place.
 E = Time spent auto-exploring this place.
 F = Levels seen in this place.
 G = Mean time per level.
                   A        B        C        D        E       F      G
               +--------+--------+--------+--------+--------+-----+--------+
         Total |   1169 |   1113 |     56 |     20 |    875 |   3 |  389.7 |
       Dungeon |   1169 |   1113 |     56 |     20 |    875 |   3 |  389.7 |
               +--------+--------+--------+--------+--------+-----+--------+

Top non-repeatable levels by time:
     D:2: 709 daAuts
     D:1: 414 daAuts
     D:3: 46 daAuts
